 Dungeon Crawl Stone Soup version 0.27-a0-412-g8dd771eca2 (webtiles) character file.

Game seed: 9324473667988887653

902 mobtown the Reanimator (level 7, -6/38 HPs)
             Began as a Deep Elf Necromancer on Feb 23, 2021.
             Mangled by an orc warrior
             ... wielding a +0 glaive
              (13 damage)
             ... on level 7 of the Dungeon.
             The game lasted 00:20:14 (5823 turns).

mobtown the Reanimator (Deep Elf Necromancer)       Turns: 5823, Time: 00:20:14

Health: -6/38      AC:  4    Str: 11      XL:     7   Next: 80%
Magic:  0/18       EV: 13    Int: 24      God:
Gold:   241        SH:  0    Dex: 14 (15) Spells: 8/19 levels left

rFire    . . .     SeeInvis .   n - +2 dagger (flame)
rCold    . . .     Faith    .   (no shield)
rNeg     + . .     Spirit   +   v - +1 animal skin
rPois    .         Reflect  .   p - +0 helmet
rElec    .         Harm     .   (no cloak)
rCorr    .         Rampage  .   (no gloves)
Will     +....                  (no boots)
Stlth    +++.......             o - amulet of guardian spirit
HPRegen  0.12/turn              B - ring of Departure {rN+ Will+ Int+2}
MPRegen  0.16/turn              d - +6 ring of strength

@: no status effects
A: no striking features
a: no special abilities


You were on level 7 of the Dungeon.
You visited 1 branch of the dungeon, and saw 7 of its levels.

You collected 241 gold pieces.

Inventory:

Hand Weapons
 m - a +0 dagger
 n - a +2 dagger of flaming (weapon)
Missiles
 b - 224 stones
 e - 105 arrows
Armour
 p - a +0 helmet (worn)
 v - a +1 animal skin (worn)
Jewellery
 c - a ring of resist corrosion
 d - a +6 ring of strength (right hand)
 o - an amulet of guardian spirit (around neck)
 B - the ring of Departure (left hand) {rN+ Will+ Int+2}
   (You found it on level 5 of the Dungeon)

   [ring of willpower]

   It affects your intelligence (+2).
   It protects you from negative energy.
   It affects your willpower, your defense against some magical effects.
Wands
 s - a wand of random effects (14)
Scrolls
 g - a scroll of random uselessness {unknown}
 i - 2 scrolls of fear {unknown}
 j - 10 scrolls of identify {unknown}
 k - 2 scrolls of amnesia {unknown}
 l - a scroll of enchant armour {unknown}
 q - 2 scrolls of blinking {unknown}
 y - 7 scrolls of teleportation {unknown}
 A - a scroll of noise {unknown}
Potions
 a - 3 potions of might
 f - a potion of invisibility {unknown}
 h - a potion of attraction
 r - 2 potions of degeneration
 t - a potion of heal wounds
 u - a potion of haste {unknown}
 w - a potion of magic {unknown}
 x - a potion of flight {unknown}
 z - 2 potions of resistance {unknown}


   Skills:
 + Level 1.3 Fighting
 + Level 2.2 Short Blades
 + Level 3.5 Dodging
 + Level 3.9 Stealth
 + Level 6.5 Spellcasting
 * Level 2.3 Conjurations
 * Level 8.3 Necromancy


You had 8 spell levels left.
You knew the following spells:

 Your Spells              Type           Power        Failure   Level
a - Pain                  Necr           100%         1%          1
b - Animate Skeleton      Necr           94%          1%          1
c - Vampiric Draining     Necr           23%          1%          3
d - Animate Dead          Necr           23%          2%          4
e - Searing Ray           Conj           36%          4%          2

Your spell library contained the following spells:

 Spells                   Type           Power        Failure   Level
 Magic Dart               Conj           72%          3%          1
 Agony                    Necr           47%          7%          5
 Dazzling Flash           Conj/Hex       26%          14%         3
 Fulminant Prism          Conj/Hex       6%           43%         4
 Iskenderun's Mystic Bla  Conj/Tloc      13%          43%         4


Dungeon Overview and Level Annotations

Branches:
Dungeon (8/15)
 Temple: D:4-7         Lair: D:8-11

Altars:
Nemelex Xobeh


Message History

Aim: an orc warrior, wielding a +0 glaive and wearing a +0 chain mail (lightly wounded)
The orc warrior is moderately wounded.
You feel life coursing into your body.
Casting: Vampiric Draining (safe; 1% risk of failure)
Confirm with . or Enter, or press ? or * to list all spells.
Aiming: Vampiric Draining (safe; 1% risk of failure)
Press: ? - help, Shift-Dir - straight line, f/p - orc warrior
Aim: an orc warrior, wielding a +0 glaive and wearing a +0 chain mail (moderately wounded)
The orc warrior is severely wounded.
You feel life coursing into your body. The orc warrior closely misses you.
You hit the orc warrior. You burn the orc warrior.
The orc warrior is almost dead.
The orc warrior drinks a potion.
The orc warrior is healed!
You closely miss the orc warrior.
The orc warrior is moderately wounded.
The orc warrior barely misses you.
You hit the orc warrior. You burn the orc warrior.
The orc warrior is moderately wounded.
You hit the orc warrior but do no damage.
The orc warrior is moderately wounded.
The orc warrior hits you with a +0 glaive!
You hit the orc warrior but do no damage.
The orc warrior is moderately wounded.
The orc warrior hits you with a +0 glaive!
You hit the orc warrior but do no damage.
The orc warrior is moderately wounded.
The orc warrior misses you.
You barely miss the orc warrior.
The orc warrior is moderately wounded.
You hit the orc warrior but do no damage.
The orc warrior is moderately wounded.
The orc sings a few bars from the Orcish anthem.
The orc warrior barely misses you.
You barely miss the orc warrior.
The orc warrior is moderately wounded.
The orc warrior hits you with a +0 glaive!
* * * LOW HITPOINT WARNING * * *
There is an escape hatch in the ceiling here.
The orc warrior hits you from afar with a +0 glaive!
You die...

###.## #......# #.#
####...# #.# #...# #.#
#...#
##.##########...#######
##....##...[...........#
.......)...............#
#####)##...............#
#.#######...@#.##.## #.#
#....#.##o######. #.#
#...o#.o.o....... #.#
####...o#o##o##..##.
#####.# #.......#.##.#
.# ......#
#.##....o.##.. ..
####### # ######.##...
.# #.##.##. # ...... ..


You could see an orc warrior and 2 orcs.

Vanquished Creatures
  2 ogres (D:7)
  A centaur (D:7)
  A kobold brigand (D:7)
  A howler monkey (D:7)
  A gnoll shaman (D:4)
  2 hounds (D:7)
  Terence (D:3)
  Natasha (thrice) (D:3)
  4 worker ants
  A hound zombie (D:3)
  2 hound skeletons (D:7)
  Robin (D:3)
  7 gnolls
  2 adders (D:2)
  A white imp (D:7)
  3 oozes
  An adder zombie (D:7)
  An adder skeleton (D:4)
  3 worms
  2 dart slugs
  2 orcs (D:4)
  8 bats
  4 giant cockroaches
  18 goblins
  10 hobgoblins
  2 jackals (D:3)
  12 kobolds
  2 quokkas
  2 frilled lizards (D:1)
  7 rats
107 creatures vanquished.

Vanquished Creatures (others)
  2 plants (D:1)
2 creatures vanquished.

Grand Total: 109 creatures vanquished

Notes
Turn   | Place    | Note
-------+----------+-------------------------------------------
     0 | D:1      | mobtown the Deep Elf Necromancer began the quest for the
                  | Orb.
     0 | D:1      | Reached XP level 1. HP: 10/10 MP: 6/6
    24 | D:1      | Reached skill level 5 in Necromancy
   337 | D:1      | Reached XP level 2. HP: 13/15 MP: 6/8
   944 | D:1      | Reached XP level 3. HP: 17/19 MP: 6/9
   946 | D:1      | Learned a level 1 spell: Animate Skeleton
   950 | D:1      | Learned a level 3 spell: Vampiric Draining
  1559 | D:2      | Found a sparkling altar of Nemelex Xobeh.
  1972 | D:2      | Reached skill level 6 in Necromancy
  2065 | D:2      | Reached XP level 4. HP: 22/24 MP: 9/12
  2795 | D:3      | Noticed Terence
  2812 | D:3      | Killed Terence
  2813 | D:3      | Reached XP level 5. HP: 6/28 MP: 2/13
  2951 | D:3      | Noticed Robin
  3065 | D:3      | Killed Robin
  3080 | D:3      | Noticed Natasha
  3090 | D:3      | Killed Natasha
  3091 | D:3      | Reached skill level 7 in Necromancy
  3147 | D:3      | Noticed Natasha
  3151 | D:3      | Killed Natasha
  3314 | D:3      | Noticed Natasha
  3321 | D:3      | Killed Natasha
  3322 | D:3      | Reached skill level 5 in Spellcasting
  3784 | D:3      | Reached XP level 6. HP: 33/33 MP: 13/15
  3789 | D:3      | Learned a level 4 spell: Animate Dead
  4146 | D:4      | Learned a level 2 spell: Searing Ray
  4793 | D:4      | Reached skill level 1 in Short Blades
  4920 | D:5      | Entered Level 5 of the Dungeon
  5066 | D:5      | Got a fine lapis lazuli ring
  5068 | D:5      | Identified the ring of Departure {rN+ Will+ Int+2} (You
                  | found it on level 5 of the Dungeon)
  5069 | D:5      | You fall into a shaft and drop 3 floors!
  5087 | D:8      | Noticed a steam dragon
  5164 | D:7      | Reached skill level 1 in Fighting
  5164 | D:7      | Reached skill level 1 in Conjurations
  5164 | D:7      | Reached XP level 7. HP: 23/38 MP: 1/18
  5197 | D:7      | Reached skill level 8 in Necromancy
  5823 | D:7      | Mangled by an orc warrior

Illustrated notes

Levels and vault maps discovered:
D:1:      giann_bridges, layout_rooms, minmay_stone_trees_large,
          minmay_misc_feat_encased
D:2:      layout_basic, nemelex_xobeh_ov_fountains_minmay,
          hangedman_decor_peaks_small
D:3:      layout_rooms, uniq_terence, uniq_robin, uniq_natasha
D:4:      layout_basic, minmay_ruptured
D:5:      layout_basic, nicolae_overflow_crystal_walls, kennysheep_mini,
          minmay_temple_entry_fiery, uniq_grinder, uniq_pikel
D:7:      layout_loops_cross, nrook_mini_backslash, kennysheep_generic_room_7
D:8:      layout_basic

Skill      XL: |  1  2  3  4  5  6  7 |
---------------+----------------------+-----
Necromancy     | 5 6 7 8 |  8.3
Spellcasting   | 4 5 6 |  6.5
Stealth        | 3 |  3.9
Dodging        | 3 |  3.5
Short Blades   | 1 2 |  2.2
Fighting       | 1 |  1.3
Conjurations   | 1 2 |  2.3

Action                   |  1- 3 |  4- 6 |  7- 9 || total
-------------------------+-------+-------+-------++-------
Melee: Dagger            |     1 |   182 |    56 ||   239
 Cast: Pain              |    65 |    50 |       ||   115
       Vampiric Draining |       |     9 |     6 ||    15
       Searing Ray       |       |       |     1 ||     1
  Use: Potion            |     1 |     3 |     2 ||     6
 Stab: Sleeping          |       |     6 |     2 ||     8
       Distracted        |       |     2 |       ||     2
Armor: Robe              |     3 |    10 |       ||    13
       Animal skin       |       |    13 |     3 ||    16
       Skin              |       |       |     7 ||     7
Dodge: Dodged            |    13 |    98 |    29 ||   140

Table legend: (Time is in decaauts)
 A = Elapsed time spent in this place.
 B = Non-inter-level travel time spent in this place.
 C = Inter-level travel time spent in this place.
 D = Time resting spent in this place.
 E = Time spent auto-exploring this place.
 F = Levels seen in this place.
 G = Mean time per level.
                   A        B        C        D        E       F      G
               +--------+--------+--------+--------+--------+-----+--------+
         Total |   5830 |   5830 |      0 |   2178 |   2674 |   7 |  832.9 |
       Dungeon |   5830 |   5830 |      0 |   2178 |   2674 |   7 |  832.9 |
               +--------+--------+--------+--------+--------+-----+--------+

Top non-repeatable levels by time:
     D:1: 1476 daAuts
     D:2: 1306 daAuts
     D:4: 1119 daAuts
     D:3: 1033 daAuts
     D:7: 723 daAuts
     D:5: 147 daAuts
     D:8: 23 daAuts
